 Dungeon Crawl Stone Soup version 0.31-a0-799-g6bc09d010c (webtiles) character file.

Game seed: 8600090136240077025

1594 GordonOverkill the Conjurer (level 8, 0/46 HPs)
             Began as a Deep Elf Delver on Sept 19, 2023.
             Slain by a water moccasin (7 damage)
             ... on level 6 of the Dungeon.
             The game lasted 00:11:23 (6448 turns).

GordonOverkill the Conjurer (Deep Elf Delver)       Turns: 6448, Time: 00:11:24

Health: 0/46       AC:  8    Str:  9    XL:     8   Next: 62%
Magic:  2/17       EV: 12    Int: 21    God:
Gold:   349        SH:  0    Dex: 16    Spells: 14/17 levels left

rFire   . . .        m - +1 whip (venom)
rCold   . . .        (no shield)
rNeg    + . .        b - +0 leather armour
rPois   +            E - +1 helmet {Int+3}
rElec   .            (no cloak)
rCorr   .            x - +1 pair of gloves
SInv    .            j - +0 pair of boots
Will    .....        D - amulet of the acrobat
Stlth   +++          s - ring of poison resistance
HPRegen 0.27/turn    v - ring of positive energy
MPRegen 0.15/turn

%: acrobat
@: lethally poisoned (0 -> -3)
A: no striking features
a: no special abilities


You were on level 6 of the Dungeon.
You visited 1 branch of the dungeon, and saw 6 of its levels.

You collected 349 gold pieces.

Inventory:

Hand Weapons
 a - a +0 short sword
 m - a +1 whip of venom (weapon)
 B - a +2 whip of freezing
Missiles
 i - 4 poisoned darts (quivered)
 l - 6 boomerangs
Armour
 b - a +0 leather armour (worn)
 j - a +0 pair of boots (worn)
 x - a +1 pair of gloves (worn)
 E - a +1 helmet of intelligence (worn)
Magical Staves
 w - a staff of fire
Jewellery
 s - a ring of poison resistance (left hand)
 v - a ring of positive energy (right hand)
 D - an amulet of the acrobat (around neck)
Wands
 g - a wand of digging (3)
Scrolls
 d - a scroll of revelation
 n - 4 scrolls of identify {unknown}
 o - 2 scrolls of torment
 r - a scroll of immolation {unknown}
 y - 4 scrolls of teleportation {unknown}
 A - a scroll of poison {unknown}
Potions
 e - 3 potions of attraction {unknown}
 f - a potion of haste
 h - a potion of brilliance {unknown}
 k - a potion of heal wounds {unknown}
 p - 4 potions of curing {unknown}
 q - a potion of enlightenment {unknown}
 t - a potion of invisibility {unknown}
 u - 2 potions of mutation {unknown}
 z - a potion of lignification {unknown}
 C - a potion of degeneration {unknown}
 F - a potion of ambrosia {unknown}


   Skills:
 - Level 3.0 Fighting
 - Level 2.9 Short Blades
 - Level 1.7 Maces & Flails
 - Level 2.4 Dodging
 - Level 6.0 Stealth
 + Level 5.1 Spellcasting
 - Level 7.0 Conjurations
 - Level 7.0 Earth Magic


You had 14 spell levels left.
You knew the following spells:

 Your Spells              Type           Power      Damage    Failure   Level
a - Stone Arrow           Conj/Erth      68%        3d11      2%          3

Your spell library contained the following spells:

 Spells                   Type           Power      Damage    Failure   Level
 Hailstorm                Conj/Ice       20%        3d6       11%         3
 Freeze                   Ice            20%        1d4       16%         1
 Animate Armour           Summ/Erth      40%        N/A       34%         4
 Frozen Ramparts          Ice            10%        1d2       41%         3
 Ozocubu's Armour         Ice            5%         N/A       41%         3
 Summon Ice Beast         Ice/Summ       5%         N/A       83%         4
 Metabolic Englaciation   Hex/Ice        2%         N/A       99%         5
 Simulacrum               Ice/Necr       2%         N/A       100%        6
 Lehudib's Crystal Spear  Conj/Erth      17%        10d5      100%        8


Dungeon Overview and Level Annotations

Branches:
Dungeon (6/15)
 Temple: D:4-7

Altars:
Ru
Uskayaw


Message History

The black bear is lightly wounded.
You feel very sick.
The water moccasin completely misses you.
The water moccasin bites you.
* * * LOW HITPOINT WARNING * * *
The black bear misses you.
The black bear claws you but does no damage.
The black bear barely misses you.
You barely miss the black bear.
The black bear is lightly wounded.
You feel very sick. The water moccasin bites you.
* * * LOW HITPOINT WARNING * * *
The black bear bites you but does no damage.
The black bear closely misses you. The black bear barely misses you.
You hit the black bear.
The black bear is moderately wounded.
You feel sick. The water moccasin barely misses you.
The black bear bites you but does no damage.
The black bear misses you.
The black bear claws you but does no damage.
The water moccasin closely misses you.
Okay, then.
As you read the scroll of fog, it dissolves into smoke.
You feel sick. The water moccasin bites you.
* * * LOW HITPOINT WARNING * * *
The black bear closely misses you. The black bear barely misses you.
The black bear claws you.
* * * LOW HITPOINT WARNING * * *
You feel sick.
The water moccasin attacks as it pursues you!
The water moccasin completely misses you.
The water moccasin misses you.
Sorry, you're not good enough to have a special ability.
As you read the scroll labelled RAQUCSUEJIA, it crumbles to dust.
Your body is wracked with pain!
* * * LOW HITPOINT WARNING * * *
The water moccasin convulses!
The black bear convulses!
It was a scroll of torment.
You feel sick. The water moccasin bites you!
You die...

...#.# #....# ####.####
#.#### ##.##.# #.#
#.....###.###
#..##.#.....###########
#...#.#.#.#.#..........
##..#.#.#.#.#§§§.§.....
#......#.#.#§§§h......
#.##.#......§@S§§)....
#....#...#.#.§§§§.....
##########.########...
).# . ..## ... ....
.....


You could see a water moccasin and a black bear (very poisoned).

Vanquished Creatures
  Prince Ribbit (D:5)
  Sigmund (D:4)
  A centaur (D:6)
  An ogre (D:4)
  A bullfrog (D:5)
  4 scorpions (D:5)
  5 wights (D:6)
  3 hounds
  2 orc priests (D:6)
  2 jellies
  2 sleepcaps
  An iguana (D:5)
  2 orc wizards (D:6)
  9 adders
  A white imp (D:6)
  3 worms
  5 dart slugs
  11 orcs
  6 ball pythons
  2 endoplasms (D:2)
  5 giant cockroaches
  11 goblins
  9 hobgoblins
  4 kobolds
  4 quokkas
  3 bats
  3 frilled lizards
  8 rats
110 creatures vanquished.

Notes
Turn   | Place    | Note
-------+----------+-------------------------------------------
     0 | D:5      | GordonOverkill the Deep Elf Delver began the quest for the
                  | Orb.
     0 | D:5      | Reached XP level 1. HP: 13/13 MP: 3/3
     8 | D:6      | Noticed a centaur
    49 | D:6      | Noticed an orc wizard
    49 | D:6      | Noticed an orc priest
   230 | D:5      | Noticed a bullfrog
   280 | D:5      | Noticed an iguana
   344 | D:4      | Noticed a jelly
   362 | D:3      | Reached XP level 2. HP: 18/18 MP: 4/4
   765 | D:3      | Found a hide-covered altar of Uskayaw.
   943 | D:2      | Reached XP level 3. HP: 20/23 MP: 5/5
  1101 | D:1      | Reached skill level 1 in Maces & Flails
  1527 | D:1      | Reached XP level 4. HP: 28/28 MP: 6/6
  2157 | D:2      | Learned a level 3 spell: Stone Arrow
  2704 | D:4      | Found a sacrificial altar of Ru.
  2709 | D:4      | Noticed Sigmund
  2727 | D:4      | Killed Sigmund
  2728 | D:4      | Reached XP level 5. HP: 10/32 MP: 1/7
  2924 | D:4      | Reached skill level 1 in Spellcasting
  2924 | D:4      | Reached XP level 6. HP: 37/37 MP: 9/9
  3791 | D:5      | Noticed Prince Ribbit
  3875 | D:5      | Reached XP level 7. HP: 27/41 MP: 6/13
  4191 | D:5      | Reached skill level 5 in Conjurations
  4584 | D:5      | Killed Prince Ribbit
  4585 | D:5      | Reached skill level 5 in Earth Magic
  4781 | D:5      | Reached skill level 5 in Spellcasting
  5182 | D:5      | Reached XP level 8. HP: 42/46 MP: 10/17
  6448 | D:6      | Slain by a water moccasin

Illustrated notes

Levels and vault maps discovered:
D:1:      giann_wishing_wells, layout_loops_ring, minmay_misc_feat_x
D:2:      layout_basic
D:3:      layout_basic, nicolae_uskayaw_dance_hall
D:4:      layout_gridville, mainiacjoe_overflow_cross_hatched, uniq_sigmund
D:5:      layout_gridville, minmay_misc_feat_roman, kennysheep_doodads,
          st_stairs_6, uniq_prince_ribbit1
D:6:      layout_basic, kennysheep_windowed_goal

Skill      XL: |  1  2  3  4  5  6  7  8 |
---------------+-------------------------+-----
Fighting       | 3 |  3.0
Maces & Flails | 1 |  1.7
Earth Magic    | 3 5 7 |  7.0
Conjurations   | 3 4 5 7 |  7.0
Spellcasting   | 1 3 5 |  5.1
Short Blades   | |  2.9
Dodging        | |  2.4
Stealth        | |  6.0

Action                     |  1- 3 |  4- 6 |  7- 9 || total
---------------------------+-------+-------+-------++-------
  Melee: Short sword       |    80 |       |       ||    80
         Punch             |     2 |     1 |     1 ||     4
         Whip              |    56 |    77 |    23 ||   156
  Throw: Dart              |     5 |     3 |     3 ||    11
   Cast: Stone Arrow       |       |     6 |    61 ||    67
    Use: Scroll            |     1 |     1 |     2 ||     4
         Potion            |       |     1 |       ||     1
   Stab: Sleeping          |     4 |       |       ||     4
 Armour: Leather armour    |    30 |     8 |    31 ||    69
         Chain mail        |    65 |    65 |       ||   130
  Dodge: Dodged            |    54 |    19 |    45 ||   118

Table legend: (Time is in decaauts)
 A = Elapsed time spent in this place.
 B = Non-inter-level travel time spent in this place.
 C = Inter-level travel time spent in this place.
 D = Time resting spent in this place.
 E = Time spent auto-exploring this place.
 F = Levels seen in this place.
 G = Mean time per level.
                   A        B        C        D        E       F      G
               +--------+--------+--------+--------+--------+-----+--------+
         Total |   6429 |   6115 |    314 |   2018 |   2713 |   6 | 1071.5 |
       Dungeon |   6429 |   6115 |    314 |   2018 |   2713 |   6 | 1071.5 |
               +--------+--------+--------+--------+--------+-----+--------+

Top non-repeatable levels by time:
     D:5: 1900 daAuts
     D:4: 1248 daAuts
     D:6: 1051 daAuts
     D:3: 912 daAuts
     D:1: 806 daAuts
     D:2: 511 daAuts
